 Dungeon Crawl Stone Soup version 0.26.1-11-gd32895ea62 (webtiles) character file.

Game seed: 11995888584712071278

374 Tirrikindir the Slasher (level 6, -1/43 HPs)
             Began as an Octopode Fighter on June 9, 2021.
             Slain by Edmund
             ... wielding a +2 dire flail of protection
              (9 damage)
             ... on level 4 of the Dungeon.
             The game lasted 00:06:28 (3232 turns).

Tirrikindir the Slasher (Octopode Fighter)          Turns: 3232, Time: 00:06:28

Health: -1/43      AC:  1    Str: 16    XL:     6   Next: 72%
Magic:  6/6        EV: 12    Int: 11    God:
Gold:   131        SH:  9    Dex: 12    Spells: 5/5 levels left

rFire    . . .     SeeInvis .   a - +0 long sword
rCold    . . .     Faith    .   b - +0 kite shield
rNeg     . . .     Spirit   .   (helmet restricted)
rPois    .         Reflect  .   (no amulet)
rElec    .         Harm     .   (no ring)
rCorr    .         Rampage  .   (no ring)
Will     .....                  (no ring)
Stlth    +++.......             (no ring)
HPRegen  0.14/turn              (no ring)
MPRegen  0.10/turn              (no ring)
                                (no ring)
                                (no ring)

@: mighty
A: almost no armour, stealthy swim, amphibious, 8 rings, constrict 8, camouflage
1, gelatinous body 1
a: no special abilities


You were on level 4 of the Dungeon.
You visited 1 branch of the dungeon, and saw 4 of its levels.

You collected 131 gold pieces.

Inventory:

Hand Weapons
 a - a +0 long sword (weapon)
 k - a +2 dagger of flaming
Missiles
 n - 5 boomerangs (quivered)
Armour
 b - a +0 kite shield (worn)
Scrolls
 e - 3 scrolls of magic mapping
 f - a scroll of blinking
 g - a scroll of immolation {unknown}
 h - 5 scrolls of remove curse
 i - a scroll of fog {unknown}
 m - a scroll of amnesia
Potions
 c - a potion of might
 d - a potion of invisibility
 j - 2 potions of flight {unknown}
 l - a potion of degeneration {unknown}


   Skills:
 - Level 4.0 Fighting
 * Level 4.4 Long Blades
 - Level 4.0 Dodging
 + Level 3.5 Stealth
 - Level 4.0 Shields


You had 5 spell levels left.
You didn't know any spells.
Your spell library was empty.

Dungeon Overview and Level Annotations

Branches:
Dungeon (4/15)
 Temple: D:4-7

Altars:

Annotations:
D:4 Edmund


Innate Abilities, Weirdness & Mutations

You cannot wear most types of armour.
You are very stealthy in the water. (Stealth+)
You are amphibious.
You can wear up to eight rings at the same time.
You can use your tentacles to constrict eight enemies at once.
Your skin changes colour to match your surroundings (Stealth+).
Your rubbery body absorbs attacks. (AC +1, EV +1)


Message History

You hit Edmund but do no damage. You grab Edmund.
You constrict Edmund, but do no damage. Edmund hits you but does no damage.
Edmund hits you with a +2 dire flail of protection!
You hit Edmund.
Edmund is lightly wounded.
You constrict Edmund. Edmund misses you.
You barely miss Edmund.
Edmund is lightly wounded.
You constrict Edmund. You block Edmund's attack.
Edmund hits you with a +2 dire flail of protection!
You hit Edmund.
Edmund is lightly wounded.
You constrict Edmund.
Edmund hits you with a +2 dire flail of protection.
* * * LOW HITPOINT WARNING * * *
You block Edmund's attack.
You feel very mighty all of a sudden.
You constrict Edmund.
Edmund hits you with a +2 dire flail of protection!
You die...

....
##...
....
...##
...#
#..##
#.@.#
#@.##
#...#
##..#
#..#
##.#
#<#
###


You could see Edmund (berserk).

Vanquished Creatures
  Sigmund (D:2)
  An orc priest (D:3)
  Natasha (thrice) (D:2)
  An adder (D:2)
  An ooze (D:1)
  2 worms
  A dart slug (D:2)
  2 leopard geckos
  14 orcs (D:3)
  6 giant cockroaches
  3 goblins (D:1)
  7 hobgoblins
  8 kobolds
  2 ball pythons
  6 bats
  3 frilled lizards
  8 rats
69 creatures vanquished.

Notes
Turn   | Place    | Note
-------+----------+-------------------------------------------
     0 | D:1      | Tirrikindir the Octopode Fighter began the quest for the
                  | Orb.
     0 | D:1      | Reached XP level 1. HP: 16/16 MP: 1/1
   164 | D:1      | Reached XP level 2. HP: 21/21 MP: 2/2
   175 | D:1      | Reached skill level 1 in Stealth
   638 | D:1      | Reached XP level 3. HP: 25/26 MP: 3/3
  1149 | D:2      | Noticed Natasha
  1158 | D:2      | Killed Natasha
  1159 | D:2      | Reached XP level 4. HP: 20/31 MP: 4/4
  1163 | D:2      | Noticed Natasha
  1169 | D:2      | Killed Natasha
  1173 | D:2      | Noticed Natasha
  1179 | D:2      | Killed Natasha
  1294 | D:2      | Reached XP level 5. HP: 33/36 MP: 5/5
  1404 | D:2      | Noticed Sigmund
  1413 | D:2      | Killed Sigmund
  1414 | D:2      | Reached XP level 6. HP: 26/43 MP: 6/6
  2934 | D:3      | Found a faded altar of an unknown god.
  3222 | D:4      | Noticed Edmund
  3232 | D:4      | Slain by Edmund

Illustrated notes

Levels and vault maps discovered:
D:1:      ebering_trefoil_twist, layout_basic
D:2:      layout_rooms, uniq_natasha, uniq_sigmund
D:3:      layout_loops_corners, chequers_ecumenical_altar_grove,
          amcnicky_mini_pool_small
D:4:      layout_gridville, serial_shops, kennysheep_mini, minmay_crossroads,
          uniq_edmund

Skill      XL: |  1  2  3  4  5  6 |
---------------+-------------------+-----
Stealth        | 1 2 3 |  3.5
Long Blades    | 3 4 |  4.4
Dodging        | 4 |  4.0
Fighting       | 4 |  4.0
Shields        | 4 |  4.0

Action                   |  1- 3 |  4- 6 || total
-------------------------+-------+-------++-------
Melee: Long sword        |    44 |    76 ||   120
       Tentacles         |     7 |    24 ||    31
       Constrict         |    15 |    28 ||    43
Throw: Dart              |       |     3 ||     3
  Use: Scroll            |     5 |     2 ||     7
       Potion            |       |     2 ||     2
 Stab: Sleeping          |     5 |    11 ||    16
Armor: Skin              |     2 |     3 ||     5
Dodge: Dodged            |    21 |    31 ||    52
Block: Kite shield       |    25 |    25 ||    50
       Rpst.: Long sword |     6 |     3 ||     9
